 Dungeon Crawl Stone Soup version 0.31-a0-1009-g454b1f1e0a (webtiles) character file.

Game seed: 8805976395584929851

3527 Dirtsage the Carver (level 9, -3/94 HPs)
             Began as a Demonspawn Berserker on Nov 13, 2023.
             Was an Elder of Trog.
             Slain by a kobold brigand
             ... wielding a +0 whip
              (7 damage)
             ... on level 7 of the Dungeon.
             The game lasted 00:15:06 (6810 turns).

Dirtsage the Carver (Demonspawn Berserker)          Turns: 6810, Time: 00:15:07

Health: -3/94      AC: 10    Str: 19    XL:     9   Next: 82%
Magic:  9/9        EV: 10    Int:  9    God:    Trog [****..]
Gold:   162        SH:  4    Dex: 15    Spells: 8/8 levels left

rFire   . . .        z - +5 falchion (freeze)
rCold   . . .        o - +0 buckler
rNeg    . . .        b - +1 scale mail {rPois}
rPois   +            (helmet restricted)
rElec   .            (no cloak)
rCorr   .            v - +0 pair of gloves
SInv    .            (no boots)
Will    +++..        x - amulet of faith Stlth
                     m - ring of willpower
HPRegen 1.35/turn    (no ring)
MPRegen 0.22/turn

%: faith
@: berserking (expiring), lethally poisoned (-3 -> -4), strong-willed
(expiring), regenerating (expiring), very quick
A: horns 2, icy blue scales 1, magic regeneration
a: Renounce Religion, Berserk, Trog's Hand, Brothers in Arms


You were on level 7 of the Dungeon.
You worshipped Trog.
Trog was greatly pleased with you.
You visited 2 branches of the dungeon, and saw 8 of its levels.
You also visited: Sewer.

You collected 305 gold pieces.
You spent 143 gold pieces at shops.

Inventory:

Hand Weapons
 z - a +5 falchion of freezing (weapon)
Armour
 b - a +1 scale mail of poison resistance (worn)
 o - a +0 buckler (worn)
 v - a +0 pair of gloves (worn)
 w - a +0 scale mail
Jewellery
 k - a +6 ring of intelligence
 m - a ring of willpower (left hand)
 x - an amulet of faith (around neck)
Wands
 D - a wand of roots (2)
Scrolls
 c - 2 scrolls of fog
 e - a scroll of enchant weapon
 j - 3 scrolls of noise
 t - 4 scrolls of teleportation
 y - a scroll of summoning
 B - 2 scrolls of blinking
 C - a scroll of poison
Potions
 a - a potion of attraction {unknown}
 d - 3 potions of might
 f - 2 potions of resistance {unknown}
 g - a potion of magic {unknown}
 h - a potion of degeneration {unknown}
 l - 6 potions of heal wounds
 n - 2 potions of haste {unknown}
 p - a potion of mutation {unknown}
 q - 4 potions of curing
 r - a potion of invisibility {unknown}
 u - a potion of berserk rage {unknown}


   Skills:
 - Level 3.0 Fighting
 * Level 11.5 Long Blades
 - Level 6.0 Axes
 - Level 1.7 Armour
 - Level 1.7 Dodging
 - Level 1.3 Unarmed Combat


You had 8 spell levels left.
You didn't know any spells.
Your spell library contained the following spells:

 Spells                   Type           Power      Damage    Failure   Level
 Kiss of Death            Conj/Necr      0%         2d5       85%         1
 Shock                    Conj/Air       0%         1d3       85%         1
 Summon Forest            Summ/Tloc      0%         N/A       100%        5
 Summon Mana Viper        Hex/Summ       0%         N/A       100%        5
 Summon Cactus Giant      Summ           0%         N/A       100%        6
 Orb of Destruction       Conj           0%         9d5       100%        7


Dungeon Overview and Level Annotations

Branches:
Dungeon (7/15)             Temple (1/1) D:5           Sewer (visited)

Altars:
Ashenzari
Cheibriados
Fedhas
Gozag
Hepliaklqana
Makhleb
Okawaru
Qazlal
Ru
Trog
Uskayaw
Vehumet
Wu Jian
Xom
Yredelemnul

Shops:
D:3 (   D:4 !   D:6 *


Innate Abilities, Weirdness & Mutations

You have a pair of horns on your head.
You are partially covered in icy blue scales. (AC +2)
You regenerate magic rapidly.


Message History

You feel sick.
You are no longer poisoned.
You feel your dexterity returning.
You slash the two-headed ogre! You freeze the two-headed ogre.
The two-headed ogre is almost dead.
You are too berserk!
You slash the two-headed ogre! You freeze the two-headed ogre.
You kill the two-headed ogre!
Trog accepts your kill.
You feel your dexterity returning.
Your Long Blades skill increases to level 11!
You miss the kobold. The kobold barely misses you.
The kobold hits you but does no damage.
You hit the kobold. You freeze the kobold.
You kill the kobold!
Trog accepts your kill.
You slash the kobold! You freeze the kobold.
You kill the kobold!
Trog accepts your kill.
The kobold brigand throws a poisoned dart.
The poisoned dart hits you!
You are poisoned.
You feel sick.
You take 1 damage, and have 9/94 hp.
You feel a strong urge to attack something.
You feel sick. The white imp gestures at you. The puff of frost hits you.
* * * LOW HITPOINT WARNING * * *
You take 4 damage, and have 5/94 hp.
You slash the kobold brigand! You freeze the kobold brigand.
You headbutt the kobold brigand.
The kobold brigand is heavily wounded.
You feel sick.
You barely miss the kobold brigand.
The kobold brigand is heavily wounded.
You feel the effects of Trog's Hand fading.
You feel sick.
The kobold brigand hits you with a +0 whip!
You die...

####.##O....
#...D.#.....
#.....O....
##..<...#
#.......#
#.....#.####..
#####.............
#.....###.)...##..
#.....)@K5#......)
############.K....
.K.... #.K...
..... .....


You could see a kobold brigand and a white imp.

Vanquished Creatures
  A two-headed ogre (D:7)
  The ghost of Takeo the Slasher, a novice MiGl (D:5)
  Sigmund (D:2)
  Eustachio (D:6)
  A steam dragon (D:7)
  3 water moccasins
  3 ice beasts (D:5)
  An orc warrior (D:6)
  2 ogres
  3 phantoms
  2 scorpions
  4 wights (D:4)
  2 hounds
  A gnoll bouda (D:6)
  3 jellies (Sewer)
  A water moccasin simulacrum (D:5)
  2 orc priests
  A sleepcap (D:6)
  An iguana (D:4)
  3 orc wizards (D:6)
  A bullfrog simulacrum (D:5)
  A centaur simulacrum (D:5)
  Robin (D:2)
  10 gnolls
  8 adders
  4 river rats
  2 white imps (D:5)
  2 ufetubi (D:5)
  2 worms
  2 dart slugs
  8 orcs
  11 endoplasms
  10 giant cockroaches
  14 goblins
  11 hobgoblins
  4 jackals (D:1)
  7 quokkas
  16 ball pythons
  2 bats
  5 frilled lizards
  12 kobolds
  10 rats
180 creatures vanquished.

Notes
Turn   | Place    | Note
-------+----------+-------------------------------------------
     0 | D:1      | Dirtsage the Demonspawn Berserker began the quest for the
                  | Orb.
     0 | D:1      | Reached XP level 1. HP: 18/18 MP: 1/1
   138 | D:1      | Gained mutation: You have a pair of small horns on your
                  | head. [demonic ancestry]
   138 | D:1      | Reached XP level 2. HP: 19/24 MP: 2/2
   798 | D:2      | Gained mutation: You regenerate magic rapidly. [demonic
                  | ancestry]
   798 | D:2      | Reached XP level 3. HP: 17/29 MP: 3/3
   861 | D:2      | Found a burning altar of Makhleb.
   909 | D:2      | Reached ** piety under Trog
  1215 | D:2      | Noticed Sigmund
  1227 | D:2      | Killed Sigmund
  1228 | D:2      | Reached skill level 5 in Axes
  1228 | D:2      | Gained mutation: You are partially covered in icy blue
                  | scales. (AC +2) [demonic ancestry]
  1228 | D:2      | Reached XP level 4. HP: 18/35 MP: 4/4
  1228 | D:2      | Reached XP level 5. HP: 21/41 MP: 5/5
  1338 | D:2      | Noticed Robin
  1356 | D:2      | Killed Robin
  1523 | D:2      | Found a faded altar of an unknown god.
  1993 | D:3      | Found Wopechy's Antique Weapon Shop.
  2284 | D:3      | Reached XP level 6. HP: 42/47 MP: 6/6
  2296 | D:3      | Reached skill level 1 in Unarmed Combat
  2323 | D:3      | Found a glowing drain.
  2332 | Sewer    | Entered a sewer
  2472 | Sewer    | Reached *** piety under Trog
  2621 | Sewer    | Reached skill level 1 in Long Blades
  2819 | Sewer    | Found a viscous altar of Jiyva.
  2824 | Sewer    | Reached skill level 2 in Long Blades
  3035 | D:3      | Reached skill level 3 in Long Blades
  3612 | D:4      | Identified the of Emiagek
  3644 | D:3      | Gained mutation: You have a pair of horns on your head.
                  | [demonic ancestry]
  3644 | D:3      | Reached XP level 7. HP: 21/52 MP: 7/7
  3862 | D:4      | Found a snail-covered altar of Cheibriados.
  4022 | D:4      | Reached skill level 4 in Long Blades
  4110 | D:4      | Reached **** piety under Trog
  4116 | D:4      | Reached skill level 5 in Long Blades
  4265 | D:4      | Found a stormy altar of Qazlal.
  4267 | D:4      | Found an iron altar of Okawaru.
  4341 | D:4      | Found Foyga's Distillery.
  4531 | D:4      | Found a broken altar of Ashenzari.
  4570 | D:5      | Entered Level 5 of the Dungeon
  4697 | D:5      | Reached skill level 6 in Long Blades
  4732 | D:5      | Reached XP level 8. HP: 54/58 MP: 8/8
  4806 | D:5      | Found a staircase to the Ecumenical Temple.
  4822 | Temple   | Entered the Ecumenical Temple
  4916 | D:5      | Reached skill level 7 in Long Blades
  5134 | D:5      | Found a runed translucent gate.
  5134 | D:5      | Found a runed translucent gate.
  5134 | D:5      | Found a runed translucent gate.
  5172 | D:5      | Noticed Takeo's ghost (novice MiGl)
  5262 | D:5      | Killed Takeo's ghost
  5263 | D:5      | Reached skill level 8 in Long Blades
  5650 | D:6      | Reached skill level 9 in Long Blades
  5650 | D:6      | Reached XP level 9. HP: 30/63 MP: 9/9
  6167 | D:6      | Noticed Eustachio
  6201 | D:6      | Killed Eustachio
  6202 | D:6      | Reached skill level 10 in Long Blades
  6325 | D:6      | Found Saomypal's Serpentskin Sales.
  6442 | D:6      | Bought a +1 scale mail of poison resistance for 143 gold
                  | pieces
  6776 | D:7      | Noticed a two-headed ogre
  6803 | D:7      | Killed a two-headed ogre
  6804 | D:7      | Reached skill level 11 in Long Blades
  6810 | D:7      | HP: 4/94 [poisoned by a kobold brigand]
  6810 | D:7      | Slain by a kobold brigand

Illustrated notes

Levels and vault maps discovered:
D:1:      lightli_arrival_quake, layout_basic
D:2:      layout_loops_ring, hellmonk_ecumenical_altar_prayer_group,
          basic_altar, uniq_robin, uniq_sigmund
D:3:      layout_loops_corners, portal_sewer_entry_e, serial_shops,
          nicolae_shop_trees
D:4:      layout_cave_pools, general_overflow_altar,
          nicolae_overflow_hidden_temple, serial_shops, nicolae_shop_statue_plus
D:5:      layout_gridville, minmay_temple_entry_statues_pillars,
          gammafunk_ghost_icy
D:6:      layout_basic, guppyfry_shop_venom, uniq_eustachio
D:7:      layout_rooms, gammafunk_temple_overflow_arena, abandoned_shop,
          minivault_11
Temple:   nicolae_temple_figure_eight

Skill      XL: |  1  2  3  4  5  6  7  8  9 |
---------------+----------------------------+-----
Axes           | 3 4 5 6 |  6.0
Unarmed Combat | 1 |  1.3
Long Blades    | 3 6 9 11 | 11.5
Fighting       | |  3.0
Armour         | |  1.7
Dodging        | |  1.7

Action                     |  1- 3 |  4- 6 |  7- 9 || total
---------------------------+-------+-------+-------++-------
  Melee: Hand axe          |    77 |   194 |       ||   271
         Headbutt          |     6 |    28 |    60 ||    94
         Dagger            |       |    15 |    87 ||   102
         Punch             |       |     5 |       ||     5
         Falchion          |       |       |   227 ||   227
 Invoke: Berserk           |     2 |     6 |     6 ||    14
         Trog's Hand       |       |       |     3 ||     3
    Use: Scroll            |       |     3 |     9 ||    12
         Potion            |       |       |     2 ||     2
   Stab: Sleeping          |       |     2 |     1 ||     3
 Armour: Animal skin       |    51 |   122 |    25 ||   198
         Scale mail        |       |       |   189 ||   189
  Dodge: Dodged            |    50 |   131 |   126 ||   307
  Block: Buckler           |       |     1 |    38 ||    39

Table legend: (Time is in decaauts)
 A = Elapsed time spent in this place.
 B = Non-inter-level travel time spent in this place.
 C = Inter-level travel time spent in this place.
 D = Time resting spent in this place.
 E = Time spent auto-exploring this place.
 F = Levels seen in this place.
 G = Mean time per level.
                   A        B        C        D        E       F      G
               +--------+--------+--------+--------+--------+-----+--------+
         Total |   6914 |   6429 |    485 |    709 |   4555 |   9 |  768.2 |
       Dungeon |   6188 |   5703 |    485 |    599 |   4126 |   7 |  884.0 |
        Temple |      4 |      4 |      0 |      0 |      0 |   1 |    4.0 |
         Sewer |    722 |    722 |      0 |    110 |    429 |   1 |  722.0 |
               +--------+--------+--------+--------+--------+-----+--------+

Top non-repeatable levels by time:
     D:3: 1261 daAuts
     D:6: 1200 daAuts
     D:2: 1165 daAuts
     D:5: 1027 daAuts
     D:1: 823 daAuts
   Sewer: 722 daAuts
     D:4: 681 daAuts
     D:7: 27 daAuts
  Temple: 4 daAuts
